 Dungeon Crawl Stone Soup version 0.27.0-1-g7a089689b8 (webtiles) character file.

Game seed: 2483329392023797060

4944 avis the Severer (level 10, 0/91 HPs)
             Began as a Hill Orc Monk on Aug 2, 2021.
             Was a Priest of Beogh.
             Slain by an orc warrior (6 damage)
             ... on level 9 of the Dungeon.
             The game lasted 00:53:09 (11827 turns).

avis the Severer (Hill Orc Monk)                   Turns: 11827, Time: 00:53:11

Health: 0/91       AC: 13    Str: 18    XL:     10   Next: 52%
Magic:  13/13      EV: 15    Int: 12    God:    Beogh [***...]
Gold:   159        SH:  0    Dex: 13    Spells: 9/9 levels left

rFire    + . .     SeeInvis .   b - +6 hand axe of Insomnia {vorpal, Int+2}
rCold    . . .     Faith    .   (no shield)
rNeg     . . .     Spirit   .   c - +2 chain mail {rF+}
rPois    .         Reflect  .   f - +0 helmet
rElec    .         Harm     .   (no cloak)
rCorr    .         Rampage  .   G - +1 pair of gloves {archery}
Will     .....                  (no boots)
Stlth    ..........             (no amulet)
HPRegen  0.25/turn              u - +4 ring of evasion
MPRegen  0.13/turn              P - +4 ring of evasion

@: no status effects
A: no striking features
a: Renounce Religion, Smiting


You were on level 9 of the Dungeon.
You worshipped Beogh.
Beogh was most pleased with you.
You visited 2 branches of the dungeon, and saw 10 of its levels.

You collected 429 gold pieces.
You spent 270 gold pieces at shops.

Inventory:

Hand Weapons
 a - a +0 war axe of freezing
 b - the +6 hand axe of Insomnia (weapon) {vorpal, Int+2}
   (You found it on level 8 of the Dungeon)

   It inflicts extra damage upon your enemies.
   Int:       It affects your intelligence (+2).
 e - a +2 dagger of holy wrath
 w - a +0 flail of holy wrath
 A - the +6 spear of Eternal Vigilance {vamp, rElec Int+5}
   (You found it on level 9 of the Dungeon)

   It occasionally heals its wielder for a portion of the damage dealt when it
   wounds a living foe.
   Int:       It affects your intelligence (+5).
   rElec:     It insulates you from electricity.
Missiles
 d - 30 stones
 i - 4 boomerangs
 m - 71 poisoned darts (quivered)
 x - 2 curare-tipped darts
Armour
 c - a +2 chain mail of fire resistance (worn)
 f - a +0 helmet (worn)
 G - a +1 pair of gloves of archery (worn)
Jewellery
 u - a +4 ring of evasion (left hand)
 P - a +4 ring of evasion (right hand)
Wands
 L - a wand of flame (14)
Scrolls
 h - 2 scrolls of torment {unknown}
 j - 5 scrolls of teleportation
 p - a scroll of immolation {unknown}
 q - a scroll of fear {unknown}
 s - 2 scrolls of blinking {unknown}
 t - 3 scrolls of noise {unknown}
 v - a scroll of amnesia {unknown}
 y - a scroll of enchant weapon {unknown}
 z - a scroll of summoning {unknown}
 B - 3 scrolls of enchant armour {unknown}
 D - a scroll of silence {unknown}
 E - a scroll of vulnerability {unknown}
 I - a scroll of fog {unknown}
 Q - a scroll of acquirement {unknown}
 W - a scroll of magic mapping {unknown}
Potions
 g - a potion of magic {unknown}
 k - 5 potions of curing
 l - a potion of might
 n - 2 potions of cancellation
 r - a potion of lignification {unknown}
 C - 2 potions of attraction {unknown}
 H - 6 potions of flight
 M - a potion of ambrosia {unknown}
 R - a potion of berserk rage {unknown}
 X - 2 potions of brilliance {unknown}


   Skills:
 + Level 9.4 Fighting
 - Level 16.0 Axes
 - Level 2.4 Dodging
 - Level 1.5 Stealth
 - Level 5.0 Invocations


You had 9 spell levels left.
You didn't know any spells.
Your spell library contained the following spells:

 Spells                   Type           Power      Damage    Failure   Level
 Magic Dart               Conj           0%         1d3       99%         1
 Pain                     Necr           0%         1d4       99%         1
 Searing Ray              Conj           0%         3d3       100%        2
 Slow                     Hex            0%         N/A       100%        2
 Sublimation of Blood     Necr           0%         N/A       100%        2
 Wereblood                Tmut           0%         N/A       100%        2
 Confusing Touch          Hex            0%         N/A       100%        3
 Dazzling Flash           Conj/Hex       0%         N/A       100%        3
 Vampiric Draining        Necr           0%         2d6       100%        3
 Fulminant Prism          Conj/Hex       0%         3d6       100%        4
 Iskenderun's Mystic Bla  Conj/Tloc      0%         2d3       100%        4
 Agony                    Necr           0%         N/A       100%        5
 Excruciating Wounds      Necr           0%         N/A       100%        5
 Lee's Rapid Deconstruct  Erth           0%         3d5*      100%        5
 Silence                  Hex/Air        0%         N/A       100%        5
 Summon Hydra             Summ           0%         N/A       100%        7


Dungeon Overview and Level Annotations

Branches:
Dungeon (9/15)             Temple (1/1) D:6            Lair (0/6) D:9
    Orc (0/2) D:9

Altars:
Ashenzari
Cheibriados
Dithmenos
Elyvilon
Fedhas
Gozag
Hepliaklqana
Kikubaaqudgha
Makhleb
Nemelex Xobeh
Okawaru
Ru
Sif Muna
Trog
Uskayaw
Vehumet
Xom
Yredelemnul
Beogh

Shops:
D:4 [   D:5 [


Message History

Your orc warrior dies!
The orc priest hits your orc with a +0 mace!
Your orc dies!
An orc comes into view. It is wielding a +0 short sword.
You hit the orc warrior but do no damage.
The orc warrior is almost dead.
The orc warrior misses you.
You feel much better.
Your orc hits the orc priest with a +0 short sword.
The orc warrior misses you.
You hit the orc warrior.
You kill the orc warrior!
Beogh accepts your kill.
Your orc looks more experienced.
Your orc hits the orc priest with a +0 short sword.
You hit the orc warrior.
The orc warrior is lightly wounded.
The orc priest calls down the wrath of Beogh upon you.
Beogh smites you!
* * * LOW HITPOINT WARNING * * *
You completely miss the orc warrior.
The orc warrior is lightly wounded.
Your orc hits the orc priest with a +0 short sword.
The orc priest dies!
Beogh accepts your kill.
Beogh appreciates your killing of a heretic priest.
Your orc looks more experienced.
The orc hits your orc with a +0 short sword.
Your orc hits the orc with a +0 short sword.
The orc warrior hits you with a +0 short sword!
* * * LOW HITPOINT WARNING * * *
The orc closely misses your orc.
The orc warrior hits you with a +0 short sword!
* * * LOW HITPOINT WARNING * * *
Your orc hits the orc with a +0 short sword.
The orc dies!
Beogh accepts your kill.
The orc warrior hits you with a +0 long sword.
You die...
Beogh appreciates the orc warrior's killing of a heretic priest.

...........#..#......#..
...........#............
#####....######.........
........... #.........
........#######..####...
...Y#####...).#..# ..
........#....o8..#
........#....ooo.#
.####...#..⌠.o8o@#
##......#...o)#.........
..).....#..)..#.##......
........#>._)8#.. ..#...
........#.....#.. .# ..
..^^....#...) #.. .#
.^_^....# 8. # .^^^....#
'. ........#


You could see 4 orc warriors, 2 orcs and a friendly orc.

Vanquished Creatures
  2 trolls
  A hornet (D:8)
  2 wraiths
  4 yaks
  A steam dragon (D:8)
  2 acid dragons
  An orc warrior (D:9)
  3 sky beasts
  2 necrophages
  2 black bears
  5 ogres
  A centaur (D:7)
  4 wolves
  A kobold brigand (D:9)
  5 bullfrogs
  4 scorpions (D:5)
  A water moccasin skeleton (D:5)
  3 electric eels (D:9)
  A howler monkey (D:6)
  2 centaur zombies
  6 hounds
  A jelly (D:6)
  5 centaur skeletons
  An iguana (D:5)
  2 killer bee zombies
  3 hound skeletons
  A howler monkey skeleton (D:4)
  11 adders
  A gnoll (D:3)
  2 white imps
  An ufetubus (D:5)
  4 worms
  3 dart slugs
  13 orcs
  2 ball pythons (D:3)
  3 bats
  5 endoplasms
  3 giant cockroaches
  9 goblins
  7 hobgoblins
  6 jackals
  3 quokkas
  2 frilled lizards
  14 kobolds
  5 rats
  A butterfly (D:6)
161 creatures vanquished.

Vanquished Creatures (collateral kills)
  An orc priest (D:9)
  2 orcs (D:9)
3 creatures vanquished.

Vanquished Creatures (others)
  2 orc warriors (D:9)
  2 orc priests (D:4)
  6 orcs
  A kobold (D:4)
11 creatures vanquished.

Grand Total: 175 creatures vanquished

Notes
Turn   | Place    | Note
-------+----------+-------------------------------------------
     0 | D:1      | avis the Hill Orc Monk began the quest for the Orb.
     0 | D:1      | Reached XP level 1. HP: 19/19 MP: 1/1
   230 | D:1      | Reached XP level 2. HP: 26/26 MP: 2/2
   605 | D:1      | Reached skill level 5 in Axes
  1227 | D:1      | Found a faded altar of an unknown god.
  1300 | D:2      | Reached XP level 3. HP: 30/31 MP: 3/3
  1569 | D:2      | Reached skill level 6 in Axes
  1736 | D:2      | Reached XP level 4. HP: 39/39 MP: 4/4
  2228 | D:3      | Reached skill level 7 in Axes
  2273 | D:3      | Found a radiant altar of Vehumet.
  2308 | D:3      | Found a white marble altar of Elyvilon.
  2570 | D:3      | Reached XP level 5. HP: 45/45 MP: 5/5
  2941 | D:4      | Found Mosor's Antique Armour Boutique.
  3013 | D:4      | Became a worshipper of Beogh the Brigand
  3013 | D:4      | Reached * piety under Beogh
  3013 | D:4      | Reached ** piety under Beogh
  3184 | D:4      | Found a snail-covered altar of Cheibriados.
  3326 | D:4      | Reached skill level 8 in Axes
  3672 | D:4      | Noticed a necrophage
  3677 | D:4      | Killed a necrophage
  3678 | D:4      | Reached skill level 1 in Invocations
  3678 | D:4      | Reached XP level 6. HP: 39/51 MP: 5/7
  3965 | D:4      | Bought a pair of glowing gloves for 135 gold pieces
  4043 | D:5      | Entered Level 5 of the Dungeon
  4169 | D:5      | Noticed a +0 hand axe
  4436 | D:4      | Reached skill level 9 in Axes
  4593 | D:5      | Noticed a +0 dagger
  4602 | D:5      | Noticed a sky beast
  4606 | D:5      | Found a hide-covered altar of Uskayaw.
  4627 | D:5      | Killed a sky beast
  4628 | D:5      | Reached XP level 7. HP: 44/59 MP: 7/9
  4879 | D:5      | Found a shimmering blue altar of Sif Muna.
  5278 | D:5      | Reached skill level 10 in Axes
  5309 | D:5      | Reached skill level 5 in Fighting
  5309 | D:5      | Reached XP level 8. HP: 53/68 MP: 11/11
  5397 | D:5      | Reached skill level 5 in Invocations
  5408 | D:5      | Reached skill level 11 in Axes
  5423 | D:5      | Identified the +2 flail "Isagh" {distort, rF+}
  5656 | D:5      | Found Annu's Armour Shoppe.
  5791 | D:5      | Found a blossoming altar of Fedhas.
  6734 | D:6      | Found a sparkling altar of Nemelex Xobeh.
  6963 | D:6      | Reached skill level 12 in Axes
  7350 | D:6      | Reached XP level 9. HP: 78/78 MP: 12/12
  7404 | D:6      | Found a staircase to the Ecumenical Temple.
  7418 | Temple   | Entered the Ecumenical Temple
  7612 | D:4      | Bought a glowing chain mail for 135 gold pieces
  8682 | D:7      | Reached skill level 13 in Axes
  9003 | D:7      | Reached skill level 14 in Axes
  9383 | D:8      | Identified the +6 hand axe of Insomnia {vorpal, Int+2}
  9474 | D:8      | Noticed a hornet
  9484 | D:8      | Killed a hornet
  9833 | D:8      | Noticed a troll
  9849 | D:8      | Killed a troll
  9850 | D:8      | Reached skill level 15 in Axes
  9901 | D:8      | Found a basalt altar of Yredelemnul.
  9950 | D:8      | Found a bloodstained altar of Trog.
 10402 | D:6      | Reached XP level 10. HP: 85/86 MP: 13/13
 10704 | D:9      | Found a shimmering altar of Xom.
 10715 | D:9      | Identified the +6 spear of Eternal Vigilance {vamp, rElec
                  | Int+5}
 10932 | D:9      | Reached *** piety under Beogh
 11123 | D:9      | Reached skill level 16 in Axes
 11137 | D:9      | Found a staircase to the Lair.
 11803 | D:9      | Found a roughly hewn altar of Beogh.
 11803 | D:9      | Found a staircase to the Orcish Mines.
 11827 | D:9      | Slain by an orc warrior

Illustrated notes

Levels and vault maps discovered:
D:1:      dpeg_arrival_renting, layout_basic,
          shapermc_ecumenical_altar_mp_ritualfount, st_stairs_5
D:2:      layout_rooms
D:3:      minmay_chambers_of_threes, layout_basic, vehumet_crystals,
          elyvilon_altar_4
D:4:      layout_basic, kennysheep_slug_shrine, serial_shops, shop,
          kennysheep_generic_room_14
D:5:      minmay_octagon_keep, layout_basic, kennysheep_mini_moat,
          dancing_weapons_uskayaw, fedhas_altar_1, nicolae_wooded_promenade,
          st_stairs_10
D:6:      layout_basic, nemelex_dance_club_becter,
          minmay_temple_entry_butterflies, grunt_tough_drop
D:7:      minmay_chambers_of_sixes, layout_basic, minmay_strange_pillars,
          dk_vineyard_1
D:8:      layout_basic, lemuel_zombie_altar_yredelemnul,
          mainiacjoe_overflow_six_doors_small
D:9:      layout_grid_maze, xom_teletrap_fun, erik_lair_island, david_orc_5
Temple:   eino_temple_lava

Skill      XL: |  1  2  3  4  5  6  7  8  9 10 |
---------------+-------------------------------+-----
Axes           | 5 6 7 8 9 10 12 15 16 | 16.0
Invocations    | 1 3 4 5 |  5.0
Fighting       | 4 5 6 7 9 |  9.4
Dodging        | |  2.4
Stealth        | |  1.5

Action                   |  1- 3 |  4- 6 |  7- 9 | 10-12 || total
-------------------------+-------+-------+-------+-------++-------
Melee: Hand axe          |   120 |    79 |    37 |   112 ||   348
       War axe           |       |    38 |   236 |       ||   274
       Flail             |       |       |     8 |       ||     8
 Fire: Hunting sling     |    13 |    46 |    21 |       ||    80
Throw: Dart              |       |    31 |    56 |       ||    87
       Stone             |       |       |     2 |       ||     2
Invok: Convert to Beogh  |       |     1 |       |       ||     1
  Use: Scroll            |       |       |     6 |       ||     6
       Potion            |       |       |     1 |     2 ||     3
Armor: Robe              |     4 |       |       |       ||     4
       Ring mail         |    14 |    21 |       |       ||    35
       Chain mail        |       |    12 |   115 |    20 ||   147
Dodge: Dodged            |    74 |    61 |   144 |    60 ||   339
